AoeStats
← mighty eagle

Arabia

508067299Analyzed
1v1 RM · 10d ago on Sep 20, 2026· 47m 27s· 2 players
Game mode
Random Map
Map size
Tiny (2 player)
Population
200
Speed
Normal
Resources
Standard
Victory
Conquest
Starting age
Dark Age
Ending age
Imperial Age
RankedLock teamsTeams togetherTeam positionsShared explorationLock speedFull tech treeHidden civsTurbo modeCheats
Victory
Defeat
🇲🇽 Wei · Mexico
887
+15
🇺🇸 Goths · United States
867
-15
mighty eagle
11:01 Loom
13:03 Feudal Age
13:12 Man-at-Arms
14:21 Double-Bit Axe
14:21 Horse Collar
14:56 Scale Mail Armor
17:25 Forging
24:39 Castle Age
25:41 Elite Skirmisher
28:02 Stone Mining
29:56 Padded Archer Armor
30:19 Squires
29:40 Long Swordsman
31:27 Ballistics
33:09 Fletching
35:44 Wheelbarrow
38:20 Imperial Age
36:04 Town Watch
36:42 Bow Saw
37:54 Leather Archer Armor
38:30 Gold Mining
39:12 Bodkin Arrow
41:26 Two-Man Saw
40:52 Hand Cart
41:50 Chemistry
41:36 Two-Handed Swordsman
43:33 Ring Archer Armor
43:44 Pikeman
JuanKlion14
4:10 Loom
9:34 Feudal Age
10:11 Double-Bit Axe
11:25 Horse Collar
14:27 Gold Mining
16:33 Fletching
17:34 Padded Archer Armor
23:16 Castle Age
26:40 Wheelbarrow
29:05 Bodkin Arrow
29:25 Stone Mining
29:49 Scale Barding Armor
31:26 Chain Barding Armor
31:28 Padded Archer Armor
35:50 Imperial Age
34:18 Bow Saw
34:17 Murder Holes
34:38 Forging
34:46 Leather Archer Armor
35:46 Stone Shaft Mining
35:18 Heavy Plow
36:32 Ballistics
36:51 Hand Cart
36:57 Bloodlines
36:48 Husbandry
38:57 Iron Casting
39:37 Conscription
39:44 Town Watch
40:48 Bracer
43:19 Treadmill Crane
45:04 Ring Archer Armor
46:57 Blast Furnace
46:28 Ming Guang Armor
47:26 Tuntian
Connection lost

Rejoining the realm…

Still unreachable

The connection could not be restored.

Session expired

The server has moved on; the page needs a fresh start.